 Dungeon Crawl Stone Soup version 0.23.0-3-gf3c87f2 (webtiles) character file.

Game seed: 14574118240415441091

72 Lanoc the Insei (level 4, 0/28 HPs)
             Began as an Octopode Transmuter on Feb 22, 2019.
             Killed from afar by Sigmund (10 damage)
             ... with a magic dart
             ... on level 2 of the Dungeon.
             The game lasted 00:03:09 (1529 turns).

Lanoc the Insei (Octopode Transmuter)               Turns: 1529, Time: 00:03:10

Health: 0/28       AC:  1    Str:  8 (9)  XL:     4   Next: 26%
Magic:  3/7        EV: 13    Int: 13 (16) God:
Gold:   56         SH:  0    Dex:  9 (12) Spells: 4/7 levels left

rFire    . . .     SeeInvis .     - Unarmed
rCold    . . .     Gourm    .   (no shield)
rNeg     . . .     Faith    .   (helmet restricted)
rPois    .         Spirit   .   (no amulet)
rElec    .         Reflect  .   (no ring)
rCorr    .         Harm     .   (no ring)
MR       .....                  (no ring)
Stlth    ++........             (no ring)
HPRegen  0.09/turn              (no ring)
MPRegen  0.10/turn              (no ring)
                                (no ring)
                                (no ring)

@: no status effects
A: almost no armour, stealthy swim, amphibious, 8 rings, constrict 8, camouflage
1, gelatinous body 1
a: no special abilities


You were on level 2 of the Dungeon.
You were not hungry.

You visited 1 branch of the dungeon, and saw 2 of its levels.

You collected 56 gold pieces.

Inventory:

Missiles
 a - 31 arrows
Scrolls
 f - 3 scrolls of teleportation {unknown}
 g - a scroll of magic mapping {unknown}
 h - a scroll of remove curse {unknown}
 i - a scroll of enchant weapon {unknown}
 k - a scroll of immolation {unknown}
 l - 4 scrolls of random uselessness {unknown}
 m - 2 scrolls of identify {unknown}
Comestibles
 c - 4 rations
 j - 2 chunks of flesh


   Skills:
 + Level 1.5 Fighting
 + Level 2.4 Dodging
 * Level 3.6 Unarmed Combat
 + Level 2.3 Spellcasting
 * Level 2.9 Transmutations


You had 4 spell levels left.
You knew the following spells:

 Your Spells              Type           Power        Failure   Level  Hunger
a - Beastly Appendage     Tmut           #.....       8%          1    #......
b - Sticks to Snakes      Tmut           #.......     11%         2    ###....

Your spell library contained the following spells:

 Spells                   Type           Power        Failure   Level  Hunger
 Spider Form              Tmut/Pois      #.........   38%         3    ###....
 Ice Form                 Ice/Tmut       #.......     80%         4    #####..
 Blade Hands              Tmut           #.........   90%         5    ######.


Dungeon Overview and Level Annotations

Branches:
Dungeon (2/15)

Altars:

Annotations:
D:2 Sigmund


Innate Abilities, Weirdness & Mutations

You cannot wear most types of armour.
You are very stealthy in the water. (Stealth+)
You are amphibious.
You can wear up to eight rings at the same time.
You can use your tentacles to constrict eight enemies at once.
Your skin changes colour to match your surroundings (Stealth+).
Your rubbery body absorbs attacks. (AC +1, EV +1)


Message History

Your ball python constricts Sigmund.
Sigmund breathes a few words.
Sigmund's hands start flickering wildly.
Sigmund casts a spell.
Sigmund flickers and vanishes!
Deactivating autopickup; reactivate with Ctrl-A.
Your ball python loses its grip on something.
A magic dart appears from out of thin air!
The magic dart hits your ball python!
Your ball python dies!
Something tries to affect you, but you resist.
You are confused.
You see here a leopard gecko corpse.
You bump into the rock wall.
A magic dart appears from out of thin air!
The magic dart hits you.
You feel less confused.
A magic dart appears from out of thin air!
The magic dart hits you!
You die...

# .. #........# ###..#####...
..........### #...##(....[.
#...........### #......##....
###.....#.#...####..######....
#..#..##.###.......######.###
#.##..............##........#
#. #.#...........#...##...#.#
#.##...#.#.........####.#....
............@................
.###...###.)..##.#.###....##.##
.....#.........#.#..##........#
...#.........#..#.....###.#..
.........†........).### #.#..
..##.##.............#####.##.
######.....########.......#.##.
#.........## ####......##.
...##....### #.........


There were no monsters in sight!

Vanquished Creatures
  A gnoll (D:1)
  An adder (D:2)
  A worm (D:2)
  3 dart slugs
  3 leopard geckos
  3 bats (D:1)
  A giant cockroach (D:2)
  4 goblins
  6 hobgoblins
  5 jackals (D:1)
  2 ball pythons (D:1)
  2 frilled lizards (D:1)
  3 kobolds
  4 rats
39 creatures vanquished.

Vanquished Creatures (collateral kills)
  A frilled lizard (D:2)
1 creature vanquished.

Grand Total: 40 creatures vanquished

Notes
Turn   | Place    | Note
-------+----------+-------------------------------------------
     0 | D:1      | Lanoc the Octopode Transmuter began the quest for the Orb.
     0 | D:1      | Reached XP level 1. HP: 13/13 MP: 3/3
    11 | D:1      | Reached XP level 2. HP: 13/18 MP: 3/5
   224 | D:1      | Learned a level 2 spell: Sticks to Snakes
   300 | D:1      | Reached XP level 3. HP: 22/23 MP: 4/6
  1194 | D:2      | Reached XP level 4. HP: 18/28 MP: 4/7
  1497 | D:2      | Noticed Sigmund
  1529 | D:2      | Killed from afar by Sigmund

Action                   |  1- 3 |  4- 6 || total
-------------------------+-------+-------++-------
Melee: Unarmed           |    64 |    16 ||    80
       Kick              |    14 |     1 ||    15
       Constrict         |    20 |     5 ||    25
       Tentacles         |     9 |     3 ||    12
       Punch             |     2 |       ||     2
 Cast: Beastly Appendage |    15 |     5 ||    20
       Sticks to Snakes  |       |     2 ||     2
  Use: Potion            |       |     4 ||     4
 Stab: Sleeping          |     3 |     1 ||     4
  Eat: Chunk             |       |     2 ||     2
Armor: Skin              |     7 |       ||     7
Dodge: Dodged            |    35 |    13 ||    48
